 Dungeon Crawl Stone Soup version 0.29.1-2-gbd0b4ee654 (webtiles) character file.

Game seed: 5004187818033115155

2979 zermelo the Severer (level 9, 0/97 (105) HPs)
             Began as a Minotaur Berserker on Nov 13, 2022.
             Was an Elder of Trog.
             Slain by a wight
             ... wielding a +2 trident
              (1 damage)
             ... on level 8 of the Dungeon.
             The game lasted 00:36:05 (8072 turns).

zermelo the Severer (Minotaur Berserker)            Turns: 8072, Time: 00:36:06

HP:   0/97 (105)    AC: 11    Str: 25    XL:     9   Next: 53%
MP:   8/8           EV:  5    Int:  4    God:    Trog [****..]
Gold: 523           SH:  6    Dex: 11    Spells: 8/8 levels left

rFire   . . .      SeeInvis .   o - +0 broad axe
rCold   . . .      Faith    .   i - +0 kite shield
rNeg    . . .      Spirit   .   q - +0 plate armour
rPois   .          Reflect  .   (helmet restricted)
rElec   .          Harm     .   (no cloak)
rCorr   .          Rampage  .   (no gloves)
Will    .....                   (no boots)
Stlth   ..........              (no amulet)
HPRegen 0.26/turn               (no ring)
MPRegen 0.11/turn               (no ring)

@: berserking (expiring), drained, very quick
A: horns 2, retaliatory headbutt
a: Renounce Religion, Berserk, Trog's Hand, Brothers in Arms


You were on level 8 of the Dungeon.
You worshipped Trog.
Trog was greatly pleased with you.
You visited 1 branch of the dungeon, and saw 8 of its levels.

You collected 523 gold pieces.

Inventory:

Hand Weapons
 a - a +1 hand axe of flaming
 o - a +0 broad axe (weapon)
Missiles
 b - 68 stones (quivered)
 d - 6 boomerangs
 f - 3 boomerangs of dispersal
Armour
 c - a +0 ring mail
 i - a +0 kite shield (worn)
 q - a +0 plate armour (worn)
Wands
 l - a wand of acid (10)
 n - a wand of flame (28)
 r - a wand of paralysis (14)
Scrolls
 h - 6 scrolls of teleportation
 u - a scroll of amnesia
Potions
 e - a potion of berserk rage
 g - 2 potions of attraction
 m - 3 potions of curing
 p - a potion of invisibility
 s - a potion of lignification {unknown}
 t - 2 potions of degeneration


   Skills:
 - Level 3.6 Fighting
 + Level 15.9 Axes
 - Level 2.4 Armour
 - Level 2.1 Dodging


You had 8 spell levels left.
You didn't know any spells.
Your spell library was empty.

Dungeon Overview and Level Annotations

Branches:
Dungeon (8/15)             Temple (0/1) D:6
   Lair: D:8-11

Altars:
Cheibriados
Hepliaklqana
Makhleb
Nemelex Xobeh
Qazlal
Ru
Sif Muna
Trog
Vehumet
Wu Jian
Yredelemnul

Shops:
D:5 =(   D:6 [


Innate Abilities, Weirdness & Mutations

You have a pair of horns on your head.
You reflexively headbutt those who attack you in melee.


Message History

You kill the gnoll sergeant!
Trog accepts your kill. The gnoll barely misses you. You furiously retaliate!
You headbutt the gnoll.
The wight hits you from afar with a +2 trident.
You feel drained. The wight hits you with a +4 spear.
You feel drained.
The wight hits you from afar with a +3 halberd!
The gnoll barely misses you. The gnoll hits you but does no damage.
You see here a necrophage corpse.
You closely miss the wight. You hit the gnoll but do no damage.
The gnoll hits you from afar with a +0 halberd.
The wight barely misses you. The gnoll hits you with a +0 halberd.
The wight barely misses you.
The gnoll hits you from afar with a +0 spear.
You slash the wight!
The wight is severely damaged.
You hit the gnoll but do no damage. You hit the wight.
You destroy the wight!
Trog accepts your kill.
You barely miss the gnoll.
The wight hits you from afar with a +2 trident.
* * * LOW HITPOINT WARNING * * *
You feel drained.
* * * LOW HITPOINT WARNING * * *
The gnoll hits you from afar with a +0 spear!
* * * LOW HITPOINT WARNING * * *
The gnoll sergeant hits you from afar with a +0 trident!
* * * LOW HITPOINT WARNING * * *
You block the gnoll's attack.
The wight hits you from afar with a +3 halberd.
* * * LOW HITPOINT WARNING * * *
Unknown command.
You are too berserk!
Okay, then.
You hit the gnoll.
The gnoll is almost dead.
The wight hits you from afar with a +2 trident.
* * * LOW HITPOINT WARNING * * *
You feel drained.
You die...

##########
#........#
#........#
#........#
#........#
##........#
.......)..#
.g...z.@<.#
....?z.g).#
.....ggg..#
..........#
....#######
..## .


You could see a gnoll sergeant, 2 wights and 4 gnolls.

Vanquished Creatures
  A wyvern (D:7)
  An acid dragon (D:6)
  2 sky beasts
  3 black bears
  2 orc warriors
  3 ogres
  2 centaurs
  A phantom (D:5)
  2 kobold brigands
  A bullfrog (D:7)
  A gnoll sergeant (D:8)
  2 scorpions
  5 necrophages
  2 wights
  A jelly (D:6)
  4 orc priests
  4 hounds
  Jessica (D:3)
  4 iguanas
  4 orc wizards
  2 gnolls (D:7)
  12 adders
  3 white imps
  2 worms
  2 dart slugs (D:3)
  29 orcs
  4 ball pythons
  6 bats
  7 endoplasms
  2 giant cockroaches (D:1)
  8 goblins
  9 hobgoblins
  7 jackals (D:2)
  17 kobolds
  3 quokkas
  2 frilled lizards
  5 rats
166 creatures vanquished.

Vanquished Creatures (others)
  A withered plant (D:8)
1 creature vanquished.

Grand Total: 167 creatures vanquished

Notes
Turn   | Place    | Note
-------+----------+-------------------------------------------
     0 | D:1      | zermelo the Minotaur Berserker began the quest for the Orb.
     0 | D:1      | Reached XP level 1. HP: 19/19 MP: 0/0
    15 | D:1      | Reached skill level 4 in Axes
   160 | D:1      | Reached XP level 2. HP: 22/26 MP: 1/1
   487 | D:1      | Reached skill level 5 in Axes
   551 | D:1      | Reached XP level 3. HP: 31/31 MP: 2/2
   630 | D:2      | Reached ** piety under Trog
   797 | D:2      | Identified the +4 mace of Obsession {freeze, rF+ rN+ SInv}
   909 | D:2      | Reached XP level 4. HP: 39/39 MP: 3/3
   912 | D:2      | Reached skill level 6 in Axes
  1388 | D:2      | You fall into a shaft and drop 2 floors!
  1436 | D:4      | Found a stormy altar of Qazlal.
  1438 | D:4      | Found a sacrificial altar of Ru.
  1439 | D:4      | Found a sparkling altar of Nemelex Xobeh.
  1441 | D:4      | Found a radiant altar of Vehumet.
  1624 | D:4      | Found a hazy altar of Hepliaklqana.
  1625 | D:4      | Found a basalt altar of Yredelemnul.
  1625 | D:4      | Found a burning altar of Makhleb.
  1685 | D:4      | Noticed a necrophage
  1694 | D:4      | Killed a necrophage
  1695 | D:4      | Reached skill level 7 in Axes
  1695 | D:4      | Reached XP level 5. HP: 44/45 MP: 4/4
  1978 | D:4      | Found a bloodstained altar of Trog.
  2256 | D:3      | Found an ornate altar of the Wu Jian Council.
  2545 | D:3      | Noticed Jessica
  2549 | D:3      | Killed Jessica
  2550 | D:3      | Reached skill level 8 in Axes
  2732 | D:3      | Found a snail-covered altar of Cheibriados.
  2896 | D:3      | Reached XP level 6. HP: 42/51 MP: 5/5
  2898 | D:3      | Reached *** piety under Trog
  3022 | D:3      | Found a faded altar of an unknown god.
  3379 | D:5      | Entered Level 5 of the Dungeon
  3440 | D:5      | Reached skill level 9 in Axes
  3615 | D:5      | Reached XP level 7. HP: 45/57 MP: 6/6
  3808 | D:5      | Reached skill level 10 in Axes
  4204 | D:5      | Reached skill level 11 in Axes
  4349 | D:5      | Found Waosyohoce's Jewellery Shoppe.
  4421 | D:5      | Found Vigy's Antique Weapon Shop.
  4868 | D:6      | Reached XP level 8. HP: 59/64 MP: 7/7
  5015 | D:6      | Reached skill level 12 in Axes
  5023 | D:6      | Found Zumossul's Antique Armour Emporium.
  5235 | D:6      | Found a staircase to the Ecumenical Temple.
  5508 | D:6      | Reached **** piety under Trog
  5511 | D:6      | Reached skill level 13 in Axes
  6190 | D:7      | Reached skill level 14 in Axes
  6454 | D:7      | Reached XP level 9. HP: 70/70 MP: 8/8
  6640 | D:7      | Found a shimmering blue altar of Sif Muna.
  7241 | D:7      | Reached skill level 15 in Axes
  8071 | D:8      | HP: 3/96 [wight/+3 halberd (4)]
  8072 | D:8      | HP: 1/99 [wight/+2 trident (2)]
  8072 | D:8      | Slain by a wight

Illustrated notes

Levels and vault maps discovered:
D:1:      sevenhm_arrival_forest_fort_small_6, layout_rooms
D:2:      layout_basic
D:3:      layout_basic, nicolae_wu_jian_wuxing_cycle, amcnicky_altar_gilded,
          shapermc_ecumenical_altar_venn, uniq_jessica
D:4:      layout_basic, lemuel_coloured_pillars_altar,
          grunt_temple_overflow_open, minmay_misc_feat_cross
D:5:      kb_forest_paths, layout_basic, serial_shops, nicolae_lakefront_shop,
          minmay_shop_enchanted_jewellery
D:6:      layout_basic, minmay_temple_entry_statues, serial_shops, shop
D:7:      layout_gridville, nicolae_overflow_crystal_walls
D:8:      minmay_chambers_of_sixes, layout_rooms, dpeg_oklobed_lair,
          serial_undead, serial_undead_a, serial_undead_b, serial_undead_f,
          serial_undead_b, serial_undead_a

Skill      XL: |  1  2  3  4  5  6  7  8  9 |
---------------+----------------------------+-----
Axes           | 4 5 7 8 9 11 14 15 | 15.9
Fighting       | |  3.6
Armour         | |  2.4
Dodging        | |  2.1

Action                   |  1- 3 |  4- 6 |  7- 9 || total
-------------------------+-------+-------+-------++-------
Melee: Hand axe          |    80 |   134 |     7 ||   221
       Headbutt          |     6 |    21 |    47 ||    74
       Broad axe         |       |       |   245 ||   245
Throw: Stone             |       |       |     3 ||     3
Invok: Berserk           |       |     4 |     7 ||    11
       Trog's Hand       |       |       |     1 ||     1
  Use: Scroll            |     3 |     7 |     6 ||    16
       Potion            |       |       |     3 ||     3
Armor: Ring mail         |    35 |    13 |       ||    48
       Animal skin       |     2 |       |       ||     2
       Plate armour      |       |    44 |   176 ||   220
Dodge: Dodged            |    70 |    39 |    62 ||   171
Block: Kite shield       |     1 |    29 |    88 ||   118
